 Dungeon Crawl Stone Soup version 0.30-a0-122-g2a13224 (webtiles) character file.

Game seed: 10346861454164185943

54 Nithhogg the Trooper (level 3, 0/33 HPs)
             Began as a Hill Orc Fighter on Sept 16, 2022.
             Killed from afar by Natasha (8 damage)
             ... with a magic dart
             ... on level 2 of the Dungeon.
             The game lasted 00:03:44 (1304 turns).

Nithhogg the Trooper (Hill Orc Fighter)             Turns: 1304, Time: 00:03:45

Health: 0/33       AC:  7    Str: 20    XL:     3   Next: 91%
Magic:  3/3        EV: 10    Int:  8    God:
Gold:   70         SH:  0    Dex: 10    Spells: 2/2 levels left

rFire   . . .      SeeInvis .    a - +1 war axe
rCold   . . .      Faith    .    (no shield)
rNeg    . . .      Spirit   .    b - +0 scale mail
rPois   .          Reflect  .    (no helmet)
rElec   .          Harm     .    (no cloak)
rCorr   .          Rampage  .    (no gloves)
Will    .....                    (no boots)
Stlth   ..........               (no amulet)
HPRegen 0.11/turn                (no ring)
MPRegen 0.08/turn                (no ring)

@: no status effects
A: no striking features
a: no special abilities


You were on level 2 of the Dungeon.
You visited 1 branch of the dungeon, and saw 2 of its levels.

You collected 70 gold pieces.

Inventory:

Hand Weapons
 a - a +1 war axe (weapon)
 e - a +0 mace of holy wrath
Armour
 b - a +0 scale mail (worn)
 c - a +0 buckler
Scrolls
 g - a scroll of identify
 j - a scroll of noise {unknown}
Potions
 d - a potion of might
 f - 3 potions of curing {unknown}
 k - a potion of attraction {unknown}


   Skills:
 + Level 4.2 Fighting
 + Level 3.5 Axes
 + Level 3.8 Armour
 + Level 1.1 Dodging
 - Level 3.2 Shields


You had 2 spell levels left.
You didn't know any spells.
Your spell library contained the following spells:

 Spells                   Type           Power      Damage    Failure   Level
 Cigotuvi's Dreadful Rot  Necr/Pois/Air  0%         N/A       88%         2
 Dispel Undead            Necr           0%         3d6       100%        4
 Death Channel            Necr           0%         N/A       100%        6


Dungeon Overview and Level Annotations

Branches:
Dungeon (2/15)

Altars:

Annotations:
D:2 Natasha


Message History

You barely miss the frilled lizard. The frilled lizard barely misses you.
You slash the frilled lizard!
You kill the frilled lizard!
No target in view!
No target in view!
No target in view!
No target in view!
You see here a scroll of identify.
Natasha is nearby!
Natasha is nearby!
Found a dyed leather armour.
Natasha hisses angrily.
You closely miss Natasha.
Natasha mumbles some strange words.
Natasha closely misses you.
You closely miss Natasha. You barely miss the iron imp.
Natasha claws you but does no damage. The iron imp barely misses you.
You closely miss Natasha. You hit the iron imp but do no damage.
Natasha claws you. The iron imp closely misses you.
You barely miss Natasha. You hit the iron imp.
Natasha stares at you and mumbles some strange words.
You resist with significant effort. The iron imp closely misses you.
Natasha barely misses you.
You closely miss Natasha. You hit the iron imp. Natasha barely misses you.
The iron imp hits you.
You slash Natasha!
Natasha is severely wounded.
You hit the iron imp. Natasha claws you. The iron imp hits you!
You hit Natasha.
Natasha is almost dead.
You hit the iron imp.
You kill the iron imp!
The iron imp disappears in a puff of smoke!
Natasha claws you but does no damage. Natasha claws you.
* * * LOW HITPOINT WARNING * * *
You barely miss Natasha.
Natasha is almost dead.
Natasha stares at you and mumbles some strange words.
The magic dart hits you!
You die...

#.... ..# #.... .. ..
#.... .. .[. #....
.###.## #....#.........
#.............<
#....h.......#.
#....@.......'.
#....ยง.......#
#............+
#....?..)....#
#............####
#####.......^.......#
#...................#
####...................
.......................


You could see Natasha.

Vanquished Creatures
  Terence (D:2)
  A dart slug (D:1)
  A ball python (D:2)
  3 endoplasms (D:1)
  4 giant cockroaches (D:1)
  3 goblins (D:1)
  2 hobgoblins
  2 quokkas
  A bat (D:1)
  2 frilled lizards
  2 kobolds (D:1)
  3 rats (D:1)
25 creatures vanquished.

Notes
Turn   | Place    | Note
-------+----------+-------------------------------------------
     0 | D:1      | Nithhogg the Hill Orc Fighter began the quest for the Orb.
     0 | D:1      | Reached XP level 1. HP: 19/19 MP: 1/1
   370 | D:1      | Reached XP level 2. HP: 22/27 MP: 2/2
   709 | D:1      | Reached skill level 4 in Fighting
   830 | D:1      | Reached XP level 3. HP: 30/33 MP: 3/3
  1188 | D:2      | Noticed Terence
  1194 | D:2      | Noticed Natasha
  1224 | D:2      | Killed Terence
  1225 | D:2      | Reached skill level 1 in Dodging
  1304 | D:2      | Killed from afar by Natasha

Illustrated notes

Levels and vault maps discovered:
D:1:      saegor_arrival_simple_a, layout_loops_cross, minmay_tetromino_o4
D:2:      layout_basic, minmay_misc_feat_ornament, minmay_puff, uniq_terence,
          uniq_natasha, uniq_robin

Skill      XL: |  1  2  3 |
---------------+----------+-----
Axes           | 3 |  3.5
Fighting       | 4 |  4.2
Dodging        | 1 |  1.1
Armour         | |  3.8
Shields        | |  3.2

Action                   || total
-------------------------++-------
Melee: War axe           ||    80
       Punch             ||     1
  Use: Scroll            ||     3
       Potion            ||     1
Armor: Scale mail        ||    43
Dodge: Dodged            ||    56

Table legend: (Time is in decaauts)
 A = Elapsed time spent in this place.
 B = Non-inter-level travel time spent in this place.
 C = Inter-level travel time spent in this place.
 D = Time resting spent in this place.
 E = Time spent auto-exploring this place.
 F = Levels seen in this place.
 G = Mean time per level.
                   A        B        C        D        E       F      G
               +--------+--------+--------+--------+--------+-----+--------+
         Total |   1331 |   1292 |     39 |    100 |    959 |   2 |  665.5 |
       Dungeon |   1331 |   1292 |     39 |    100 |    959 |   2 |  665.5 |
               +--------+--------+--------+--------+--------+-----+--------+

Top non-repeatable levels by time:
     D:1: 1129 daAuts
     D:2: 202 daAuts
